 Dungeon Crawl Stone Soup version 0.15.2 (webtiles) character file.

276 Ge0ff the Cutter (level 6, -3/44 HPs)
             Began as a Vampire Skald on Dec 2, 2022.
             Slain by an orc
             ... wielding a +3 flail of protection
              (4 damage)
             ... on Level 4 of the Dungeon.
             The game lasted 00:31:02 (3508 turns).

Ge0ff the Cutter (Vampire Skald)                    Turns: 3508, Time: 00:31:02

HP  -3/44        AC 10     Str 11      XL: 6   Next:  4%
MP   5/12        EV 10     Int 17      God:
Gold 198         SH  0     Dex 13      Spells:  3 memorised,  4 levels left

rFire  . . .     SeeInvis +     a - +3 dagger (protect)
rCold  . . .     Clarity  .     e - +0 leather armour
rNeg   . . .     rCorr    .     (no shield)
rPois  .         rRot     .     (no helmet)
rElec  .         Spirit   .     (no cloak)
SustAb .         Warding  .     Y - +1 pair of gloves
rMut   .         Stasis   .     (no boots)
Gourm  .                        (no amulet)
MR     .....                    (no ring)
                                q - +1 ring of intelligence

@: regenerating (expiring), hasted, very quick, not resistant to hostile
enchantments, unstealthy
A: bottle blood, fangs 3, see invisible, unbreathing
a: Bottle Blood


You were on level 4 of the Dungeon.
You were very full.

You visited 1 branch of the dungeon, and saw 4 of its levels.

You collected 198 gold pieces.

Inventory:

Hand weapons
 a - a +3 dagger of protection (weapon)
 b - a +0 short sword
 h - a +0 falchion
Missiles
 D - 44 arrows
Armour
 e - a +0 leather armour (worn)
 Q - a +2 ring mail of magic resistance
 Y - a +1 pair of gloves (worn)
 Z - a +0 ring mail of magic resistance
Scrolls
 B - 2 scrolls of blinking
 P - a scroll of random uselessness {unknown}
 T - a scroll of teleportation
 V - a scroll of remove curse
Jewellery
 q - a +1 ring of intelligence (left hand)
 S - an uncursed ring of fire
Potions
 l - a potion of beneficial mutation {unknown}
 M - a potion of might
 O - a potion of heal wounds {unknown}
 R - a potion of degeneration {unknown}
 U - a potion of agility {unknown}
 X - 2 potions of brilliance
Books
 c - a book of Battle

   Spells                             Type                      Level
   *Infusion                          Charms                       1
   Shroud of Golubria                 Charms/Translocation         2
   Song of Slaying                    Charms                       2
   *Spectral Weapon                   Hexes/Charms                 3
   *Regeneration                      Charms/Necromancy            3


   Skills:
 - Level 2.0 Fighting
 - Level 4.2 Short Blades
 - Level 1.0 Armour
 - Level 1.5 Dodging
 - Level 3.6 Stealth
 - Level 3.0 Spellcasting
 * Level 3.2 Hexes
 + Level 3.5 Charms
 - Level 1.0 Necromancy


You had 4 spell levels left.
You knew the following spells:

 Your Spells              Type           Power        Failure   Level  Hunger
p - Spectral Weapon       Hex/Chrm       ##......     14%         3    ###....
r - Regeneration          Chrm/Necr      ##........   21%         3    ###....
s - Infusion              Chrm           ##....       4%          1    None


Dungeon Overview and Level Annotations

Branches:
Dungeon (4/15)
 Temple: D:4-7

Altars:
Xom

Annotations:
D:3 MordorOrchid's ghost, average FoEE


Innate Abilities, Weirdness & Mutations

Your natural rate of healing is unusually fast.
You can bottle blood from corpses.
You have razor-sharp teeth.
You have supernaturally acute eyesight.
You can survive without breathing.


Message History

The orc is lightly wounded.
Your skin is crawling a little less now.
Your spectral weapon hits the orc.
The orc barely misses your spectral weapon.
You closely miss the orc.
The orc is moderately wounded.
Your spectral weapon hits the orc.
The orc priest mumbles some strange prayers to Beogh against you.
Something smites you!
* * * LOW HITPOINT WARNING * * *
The orc barely misses you.
Drink which item? (? for menu, Esc to quit)
Really quaff
H - a potion of haste {!q}?
You feel yourself speed up. The orc hits you.
* * * LOW HITPOINT WARNING * * *
The orc priest invokes the aid of Beogh against you.
Something smites you!
* * * LOW HITPOINT WARNING * * *
The orc hits you with a glowing flail.
You die...

. #..# ... #..##
.# ..#.#
#...##..##
.....###.........
.................
#####............
##......###..
#..(o.## ##..@oo#
###..###o# #...##
.# #..##..# #.
#.# ##.# .. #.#
.# #. ## . #


You could see 2 orc priests, 2 orcs and a friendly spectral dagger of
protection.

Vanquished Creatures
  A scorpion (D:4)
  A hound (D:4)
  A mummy (D:3)
  4 gnolls (D:3)
  6 adders
  2 worms
  2 giant geckos
  4 orcs
  2 giant cockroaches (D:2)
  9 goblins
  7 hobgoblins
  14 kobolds
  A quokka (D:4)
  A ball python (D:3)
  5 bats
  6 giant newts
  6 jackals
  22 rats
94 creatures vanquished.

Notes
Turn   | Place    | Note
--------------------------------------------------------------
     0 | D:1      | Ge0ff, the Vampire Skald, began the quest for the Orb.
     0 | D:1      | Reached XP level 1. HP: 16/16 MP: 3/3
    59 | D:1      | Reached XP level 2. HP: 12/22 MP: 4/4
   289 | D:1      | Reached skill level 1 in Stealth
   536 | D:1      | Reached XP level 3. HP: 27/27 MP: 6/6
   634 | D:1      | Reached skill level 1 in Armour
   660 | D:1      | Learned a level 3 spell: Regeneration
  1285 | D:2      | Reached XP level 4. HP: 12/33 MP: 7/7
  1424 | D:2      | Reached skill level 1 in Necromancy
  1435 | D:2      | Learned a level 3 spell: Spectral Weapon
  1653 | D:2      | Found a shimmering altar of Xom.
  1862 | D:3      | Reached skill level 4 in Short Blades
  2025 | D:3      | Noticed MordorOrchid's ghost (average FoEE)
  2103 | D:3      | Reached XP level 5. HP: 36/38 MP: 9/9
  3158 | D:4      | Reached skill level 1 in Hexes
  3258 | D:4      | Noticed an ogre
  3469 | D:4      | Reached XP level 6. HP: 37/44 MP: 6/12
  3508 | D:4      | HP: 1/44 [orc priest/divine providence (8)]
  3508 | D:4      | Slain by an orc

Action                   |  1- 3 |  4- 6 || total
-------------------------+-------+-------++-------
Melee: Short sword       |    42 |       ||    42
       Dagger            |   119 |   233 ||   352
 Cast: Infusion          |     4 |    11 ||    15
       Spectral Weapon   |       |     3 ||     3
       Regeneration      |       |     1 ||     1
  Use: Scroll            |     5 |     7 ||    12
       Potion            |       |     1 ||     1
 Stab: Sleeping          |     2 |     1 ||     3
  Eat: Corpse            |    12 |    15 ||    27

Vault maps used:
D:1:      erik_arrival_orb_chamber
D:2:      lemuel_round_altar
D:4:      grunt_temple_overflow_diamond, hangedman_decor_peaks_small,
          uniq_blork_the_orc, uniq_edmund
